 Dungeon Crawl Stone Soup version 0.17-a0-1910-g4c791fa (webtiles) character file.

48 wvc the Sneak (level 3, -4/18 HPs)
             Began as a Vine Stalker Assassin on Sept 25, 2015.
             Slain by an orc
             ... wielding a +0 short sword of electrocution
              (17 damage)
             ... on level 2 of the Dungeon.
             The game lasted 00:03:12 (1401 turns).

wvc the Sneak (Vine Stalker Assassin)               Turns: 1401, Time: 00:03:12

Health: -4/18      AC:  4    Str: 13    XL:     3   Next: 72%
Magic:  0/4        EV: 11    Int: 11    God:
Gold:   87         SH:  0    Dex: 16    Spells: 0 memorised, 2 levels left

rFire  . . .     SeeInvis .     b - +0 blowgun
rCold  . . .     Clarity  .     c - +0 robe
rNeg   . . .     SustAt   .     (no shield)
rPois  .         Gourm    .     (no helmet)
rElec  .         Spirit   +     d - +0 cloak
rCorr  .         Warding  .     n - +0 pair of gloves
rMut   .         Stasis   .     (no boots)
MR     .....                    (no amulet)
Stlth  +++.......               (no ring)
                                (no ring)

@: not resistant to hostile enchantments, fairly stealthy
A: fangs 2, regeneration 1, magic shield, antimagic bite, no device heal 3, rot
immunity
a: no special abilities


You were on level 2 of the Dungeon.
You were hungry.

You visited 1 branch of the dungeon, and saw 3 of its levels.

You collected 87 gold pieces.

Inventory:

Hand weapons
 a - a +3 dagger
 b - a +0 blowgun (weapon)
Missiles
 e - 7 poisoned needles (quivered)
 f - 2 curare-tipped needles
 q - 3 javelins
Armour
 c - a +0 robe (worn)
 d - a +0 cloak (worn)
 n - a +0 pair of gloves (worn)
Scrolls
 h - a scroll of remove curse
Potions
 i - a potion of degeneration {unknown}
 j - a potion of haste {unknown}
 k - a potion of resistance {unknown}
 l - 2 potions of ambrosia
 m - a potion of heal wounds {unknown}
 p - a potion of brilliance {unknown}
 s - a potion of curing {unknown}
Comestibles
 g - 4 bread rations
 t - 4 fruits
 w - a chunk of flesh


   Skills:
 - Level 1.7 Fighting
 * Level 2.5 Short Blades
 - Level 1.7 Throwing
 - Level 0.7 Dodging
 + Level 6.0 Stealth


You had 2 spell levels left.
You didn't know any spells.

Dungeon Overview and Level Annotations

Branches:
Dungeon (3/15)

Altars:


Innate Abilities, Weirdness & Mutations

You have extremely sharp teeth.
Your natural rate of healing is unusually fast.
When hurt, damage is shared between your health and your magic reserves.
Your bite disrupts and absorbs the magic of your enemies.
Potions and wands cannot restore your health.
You are immune to rotting.


Message History

A club.
The floor.
Wield which item (- for none, * to show all)? (? for menu, Esc to quit)
b - a +0 blowgun (weapon)
The orc hits you but does no damage.
You are electrocuted!
Ouch! That really hurt!
There is a stone staircase leading up here.
The orc hits you with a short sword of electrocution.
You climb upwards.
There is a stone staircase leading down here.
You are feeling hungry.
Firing (i - inventory. (,) - cycle):
e - 8 poisoned needles (quivered)
Press: ? - help, Shift-Dir - straight line, f - orc
Aim: an orc, wielding a short sword of electrocution You shoot a poisoned needle.
The poisoned needle barely misses the orc.
The orc hits you with a short sword of electrocution.
You are electrocuted!
Ouch! That really hurt!
You die...

##### #...#### # #.#.##.## #
#...##..# ## #####.##..####
.########## ##.....##.>##.#
..........###...###..##...#
#.#.##.##.##.#.#@###.##.#.#
....##.##.#.##.##o#####...#
.#................# ###.#
.....#.##.#.##.#..#######.#####
#.#..#........................#
...........................##.#
.#...#####.####..########.###.#
..#..# #.# #..# ### #.#
#.#..#####.####..# #.#


You could see an orc.

Vanquished Creatures
  A worm (D:2)
  An orc (D:3)
  5 hobgoblins
  3 kobolds
  2 quokkas (D:2)
  7 bats
  2 giant cockroaches
  4 giant newts
  8 goblins
  2 jackals (D:1)
  9 rats
44 creatures vanquished.

Notes
Turn   | Place    | Note
--------------------------------------------------------------
     0 | D:1      | wvc the Vine Stalker Assassin began the quest for the Orb.
     0 | D:1      | Reached XP level 1. HP: 11/11 MP: 2/2
    91 | D:1      | Reached skill level 5 in Stealth
   332 | D:1      | Reached XP level 2. HP: 15/15 MP: 3/3
   771 | D:2      | Reached XP level 3. HP: 18/18 MP: 4/4
  1054 | D:2      | Reached skill level 6 in Stealth
  1401 | D:2      | Slain by an orc

Vault maps used:
D:1:      wheals_arrival_linesprint
D:2:      hex_large, st_stairs_7
D:3:      fedhas_altar_4, first_bread, minmay_misc_feat_room,
          minmay_misc_feat_enclosed, nemelex_spade_bored_becter, uniq_robin

Action                   || total
-------------------------++-------
Melee: Dagger            ||    87
 Fire: Blowgun           ||     1
  Use: Scroll            ||     5
 Stab: Sleeping          ||    22
  Eat: Chunk             ||     1
